 Dungeon Crawl Stone Soup version 0.25.1-2-g60ff931df9 (webtiles) character file.

Game seed: 18238079358647530643

49 Johnny the Digger (level 3, -1/26 HPs)
             Began as a Demigod Earth Elementalist on Oct 19, 2020.
             Slain by a scorpion (8 damage)
             ... on level 2 of the Dungeon.
             The game lasted 00:01:15 (1728 turns).

Johnny the Digger (Demigod Earth Elementalist)      Turns: 1728, Time: 00:01:15

Health: -1/26      AC:  2    Str: 11    XL:     3   Next: 33%
Magic:  6/9        EV: 12    Int: 21    God:
Gold:   61         SH:  0    Dex: 16    Spells: 5/6 levels left

rFire    . . .     SeeInvis .   k - +0 dagger
rCold    . . .     Gourm    .   (no shield)
rNeg     . . .     Faith    .   c - +0 robe
rPois    .         Spirit   .   (no helmet)
rElec    .         Reflect  .   (no cloak)
rCorr    .         Harm     .   (no gloves)
MR       .....                  (no boots)
Stlth    ++........             (no amulet)
HPRegen  0.08/turn              (no ring)
MPRegen  0.11/turn              (no ring)

@: lethally poisoned (-1 -> -6)
A: high mp 1
a: no special abilities


You were on level 2 of the Dungeon.
You were not hungry.

You visited 1 branch of the dungeon, and saw 2 of its levels.

You collected 61 gold pieces.

Inventory:

Hand Weapons
 k - a +0 dagger (weapon)
Missiles
 b - 49 stones (quivered)
Armour
 c - a +0 robe (worn)
Scrolls
 e - 2 scrolls of remove curse {unknown}
 g - a scroll of random uselessness {unknown}
 h - a scroll of amnesia {unknown}
 j - a scroll of fog {unknown}
 n - a scroll of teleportation {unknown}
Potions
 a - a potion of lignification {unknown}
 f - a potion of haste {unknown}
 i - a potion of heal wounds {unknown}
 l - a potion of berserk rage {unknown}
 m - a potion of curing {unknown}
 o - a potion of ambrosia {unknown}
 p - a potion of stabbing {unknown}
Comestibles
 d - 6 rations


   Skills:
 - Level 1.7 Dodging
 - Level 1.7 Stealth
 + Level 2.3 Spellcasting
   Level 0.8 Transmutations
 * Level 3.7 Earth Magic


You had 5 spell levels left.
You knew the following spells:

 Your Spells              Type           Power        Failure   Level  Hunger
a - Sandblast             Erth           ###...       3%          1    #......

Your spell library contained the following spells:

 Spells                   Type           Power        Failure   Level  Hunger
 Passwall                 Tmut/Erth      ##......     9%          2    ##.....
 Stone Arrow              Conj/Erth      ##....       21%         3    ###....
 Petrify                  Tmut/Erth      ##......     50%         4    #####..
 Lee's Rapid Deconstruct  Erth           ###.......   63%         5    ######.


Dungeon Overview and Level Annotations

Branches:
Dungeon (2/15)


Innate Abilities, Weirdness & Mutations

You have an increased reservoir of magic. (+10% MP)


Message History

Confirm with . or Enter, or press ? or * to list all spells.
Aiming: Sandblast (safe; 3% risk of failure)
Press: ? - help, Shift-Dir - straight line, f/p - scorpion
Aim: a scorpion (heavily wounded)
The blast of sand hits the scorpion but does no damage.
The scorpion is heavily wounded.
b - 50 stones You feel sick.
The adder hisses angrily.
The scorpion stings you.
Casting: Sandblast (safe; 3% risk of failure)
Confirm with . or Enter, or press ? or * to list all spells.
Aiming: Sandblast (safe; 3% risk of failure)
Press: ? - help, Shift-Dir - straight line, f/p - scorpion
Aim: a scorpion (heavily wounded)
The blast of sand hits the scorpion but does no damage.
The scorpion is heavily wounded.
b - 49 stones You feel sick.
The scorpion stings you!
You die...

##... ..###### ...##
...........#.....# ...##
#...>...........).
....###.................
.............. .........
.).#..#....... ..#.S...#
...##...##.# ###.......#
...####.##.###..........
...# #.........@s.....#
.######.#..............#
.>......##.............#
..#####.###.......$....#
...(................##.#
.......8......$.....# #
......8.8.......?....#
.....8._.8...........#
......8.8.............


You could see a scorpion and an adder.

Vanquished Creatures
  An adder (D:2)
  An ooze (D:1)
  2 dart slugs
  4 giant cockroaches
  5 hobgoblins
  A quokka (D:2)
  A ball python (D:2)
  2 bats (D:1)
  7 frilled lizards
  A goblin (D:1)
  5 kobolds
  4 rats
34 creatures vanquished.

Notes
Turn   | Place    | Note
-------+----------+-------------------------------------------
     0 | D:1      | Johnny the Demigod Earth Elementalist began the quest for
                  | the Orb.
     0 | D:1      | Reached XP level 1. HP: 14/14 MP: 5/5
   291 | D:1      | Reached skill level 3 in Earth Magic
   296 | D:1      | Reached XP level 2. HP: 20/20 MP: 0/7
  1258 | D:2      | Reached XP level 3. HP: 12/26 MP: 6/9
  1635 | D:2      | Found a faded altar of an unknown god.
  1719 | D:2      | Noticed a scorpion
  1728 | D:2      | Slain by a scorpion

Illustrated notes

Levels and vault maps discovered:
D:1:      dpeg_arrival_long_road, layout_basic
D:2:      layout_rooms, lemuel_doored_altar,
          chequers_ecumenical_altar_simple_redux, first_ration

Skill      XL: |  1 |
---------------+----+-----
Spellcasting   | 2 |  2.3
Earth Magic    | 3 |  3.7
Dodging        | |  1.7
Stealth        | |  1.7
Transmutations | |  0.8

Action                   || total
-------------------------++-------
Melee: Dagger            ||    67
       Unarmed           ||    14
 Cast: Sandblast         ||    28
 Stab: Sleeping          ||     2
  Eat: Chunk             ||     3
Armor: Robe              ||    17
Dodge: Dodged            ||    63
